AoeStats
← ikerrubio

Arena

509219043Analyzed
1v1 RM · 7d ago on Sep 25, 2026· 54m 17s· 2 players
Game mode
Random Map
Map size
Tiny (2 player)
Population
200
Speed
Normal
Resources
Standard
Victory
Conquest
Starting age
Dark Age
Ending age
Imperial Age
RankedLock teamsTeams togetherTeam positionsShared explorationLock speedFull tech treeHidden civsTurbo modeCheats
Victory
Defeat
🇦🇺 Byzantines · Australia
677
+18
🇪🇸 Spanish · Spain
727
-18
Odium
10:32 Feudal Age
9:33 Loom
11:03 Gold Mining
11:02 Double-Bit Axe
11:58 Wheelbarrow
12:49 Horse Collar
15:40 Loom
19:50 Castle Age
20:37 Pikeman
21:25 Scale Mail Armor
21:36 Forging
21:42 Redemption
22:57 Gold Shaft Mining
26:33 Fervor
26:45 Sanctity
27:17 Chain Mail Armor
27:37 Iron Casting
29:37 Padded Archer Armor
29:27 Fletching
30:17 Bow Saw
30:10 Heavy Plow
32:11 Elite Skirmisher
33:08 Leather Archer Armor
32:49 Bodkin Arrow
35:59 Hand Cart
38:20 Imperial Age
36:53 Fortified Wall
37:04 Ballistics
36:25 Treadmill Crane
36:42 Murder Holes
38:22 Thumb Ring
38:36 Stone Mining
40:23 Illumination
40:15 Block Printing
39:40 Halberdier
41:52 Two-Man Saw
43:12 Chemistry
49:54 Plate Mail Armor
49:54 Ring Archer Armor
49:24 Bracer
50:33 Crop Rotation
49:56 Crossbowman
54:09 Arbalester
ikerrubio
13:30 Feudal Age
14:45 Double-Bit Axe
17:07 Wheelbarrow
20:34 Castle Age
19:00 Fletching
19:10 Padded Archer Armor
19:16 Scale Barding Armor
19:21 Forging
19:49 Forging
20:58 Bloodlines
20:52 Gold Mining
21:43 Horse Collar
24:09 Husbandry
26:21 Thumb Ring
26:38 Bodkin Arrow
26:59 Leather Archer Armor
27:06 Chain Barding Armor
27:22 Iron Casting
29:24 Iron Casting
30:49 Bow Saw
31:00 Heavy Plow
31:26 Stone Mining
32:03 Loom
34:02 Hand Cart
33:32 Town Watch
35:22 Fervor
37:38 Ballistics
37:14 Murder Holes
37:30 Masonry
37:32 Fortified Wall
40:42 Imperial Age
38:16 Town Patrol
41:06 Stone Shaft Mining
41:13 Sanctity
40:53 Devotion
41:46 Conscription
42:32 Cavalier
46:48 Chemistry
48:04 Bracer
49:07 Blast Furnace
48:38 Ring Archer Armor
48:09 Scale Mail Armor
49:55 Heavy Mounted Crossbowman
Connection lost

Rejoining the realm…

Still unreachable

The connection could not be restored.

Session expired

The server has moved on; the page needs a fresh start.